 Dungeon Crawl Stone Soup version 0.31.0-4-g52a2dc7128 (webtiles) character file.

Game seed: 15735035718377109106

235 Gottschkopf the Digger (level 6, -11/34 HPs)
             Began as a Gargoyle Earth Elementalist on Jan 22, 2024.
             Was an Initiate of Ashenzari.
             Mangled by an ogre
             ... wielding a +0 giant spiked club
              (22 damage)
             ... on level 4 of the Dungeon.
             The game lasted 00:10:39 (3202 turns).

Gottschkopf the Digger (GrEE)                       Turns: 3202, Time: 00:10:40

Health: -11/34     AC:  9    Str: 11    XL:     6   Next: 5%
Magic:  1/9        EV: 12    Int: 24    God:    Ashenzari [......]
Gold:   175        SH:  0    Dex: 10    Spells: 4/9 levels left

rFire   . . .        j - +1 short sword (venom)
rCold   . . .        (no shield)
rNeg    + . .        a - +0 robe
rPois   ∞            o - +2 helmet "I Foresaw This" {Bglg, Sorc} (curse)
rElec   +            (no cloak)
rCorr   .            (no gloves)
SInv    .            (no boots)
Will    .....        (no amulet)
Stlth   ++           c - +6 ring of intelligence
HPRegen 0.25/turn    (no ring)
MPRegen 0.11/turn

%: no passive effects
@: no status effects
A: sickness immunity, AC +4, negative energy resistance 1, electricity
resistance, torment resistance 1, petrification resistance
a: Renounce Religion, Shatter the Chains


You were on level 4 of the Dungeon.
You worshipped Ashenzari.
Ashenzari was noncommittal.
You visited 1 branch of the dungeon, and saw 4 of its levels.

You collected 187 gold pieces.
You spent 12 gold pieces at shops.

Inventory:

Hand Weapons
 j - a +1 short sword of venom (weapon)
Armour
 a - a +0 robe (worn)
 f - a +1 scale mail of positive energy
 o - the cursed +2 helmet "I Foresaw This" (worn) {Bglg, Sorc}
   (You found it on level 3 of the Dungeon)

   It has a curse which improves the following skills: Beguiling: Hexes and
   Translocations.
   Sorcery:   Conjurations and Alchemy.
Jewellery
 c - a +6 ring of intelligence (left hand)
 k - an amulet of guardian spirit
Scrolls
 d - 2 scrolls of teleportation {unknown}
 e - 2 scrolls of summoning {unknown}
 i - 3 scrolls of amnesia {unknown}
 l - a scroll of blinking {unknown}
 m - a scroll of brand weapon {unknown}
 n - 4 scrolls of identify {unknown}
 q - a scroll of poison {unknown}
 r - a scroll of noise
 t - a scroll of vulnerability {unknown}
 u - a scroll of fear {unknown}
Potions
 b - a potion of magic
 g - 3 potions of curing {unknown}
 h - a potion of lignification {unknown}
 p - a potion of brilliance {unknown}
 s - a potion of heal wounds {unknown}


   Skills:
 + Level 1.0 Fighting
 - Level 1.9 Dodging
 - Level 3.3 Stealth
 - Level 2.0 Spellcasting
 * Level 3.0(3.3) Conjurations
 * Level 6.3 Earth Magic


You had 4 spell levels left.
You knew the following spells:

 Your Spells              Type           Power      Damage    Failure   Level
a - Sandblast             Erth           64%        2d14      1%          1
b - Stone Arrow           Conj/Erth      50%        3d10      4%          3
c - Slow                  Hex            8%         N/A       12%         1

Your spell library contained the following spells:

 Spells                   Type           Power      Damage    Failure   Level
 Passwall                 Erth           32%        N/A       2%          3
 Magic Dart               Conj           72%        1d6       3%          1
 Searing Ray              Conj           36%        2d5       4%          2
 Momentum Strike          Conj/Tloc      20%        3d8       9%          2
 Brom's Barrelling Bould  Conj/Erth      25%        2d5       16%         4
 Blink                    Tloc           4%         N/A       19%         2
 Lesser Beckoning         Tloc           4%         N/A       19%         2
 Hailstorm                Conj/Ice       10%        3d6       19%         3
 Petrify                  Alch/Erth      17%        N/A       32%         4
 Confusing Touch          Hex            2%         N/A       34%         3
 Sigil of Binding         Hex            2%         N/A       34%         3
 Summon Ice Beast         Ice/Summ       2%         N/A       34%         3
 Vampiric Draining        Necr           2%         2d6       34%         3
 Fulminant Prism          Conj/Alch      5%         3d6       52%         4
 Sculpt Simulacrum        Ice/Alch       1%         N/A       100%        6


Dungeon Overview and Level Annotations

Branches:
Dungeon (4/15)
 Temple: D:4-7

Altars:
Ashenzari
Fedhas
Gozag
Sif Muna
Uskayaw
Vehumet
Zin

Shops:
D:3 ?


Innate Abilities, Weirdness & Mutations

You are immune to sickness and miasma.
Your stone body is resilient. (AC +4)
You are immune to poison.
You resist negative energy. (rN+)
You are resistant to electric shocks. (rElec)
You are resistant to unholy torment.
You are immune to petrification.


Message History

Aim: an ogre, wielding a +0 giant spiked club (86% to hit)
The stone arrow hits the ogre!!
The ogre is severely wounded.
Casting: Stone Arrow (quite dangerous; 6% risk of failure)
Confirm with . or Enter, or press ? or * to list all spells.
You don't have enough magic to cast this spell.
There is an open door here.
You hit the ogre but do no damage.
The ogre is poisoned.
The ogre is severely wounded.
The ogre hits you with a +0 giant spiked club!!
Ouch! That really hurt!
* * * LOW HITPOINT WARNING * * *
There is an open door here.
Casting: Stone Arrow (quite dangerous; 6% risk of failure)
Confirm with . or Enter, or press ? or * to list all spells.
Aiming: Stone Arrow (quite dangerous; 6% risk of failure)
Press: ? - help, Shift-Dir - straight line, f/p - ogre
Aim: an ogre, wielding a +0 giant spiked club (almost dead, poisoned, 86% to hit)
The stone arrow hits the ogre!
You kill the ogre!
Your Fighting skill increases to level 1!
Your Conjurations skill increases to level 3!
Your Earth Magic skill increases to level 6!
You have reached level 6!
Okay, then.
Unknown command.
There is an open door here.
There is an open door here.
The ogre attacks as it pursues you! The ogre misses you.
Casting: Stone Arrow (dangerous; 4% risk of failure)
Confirm with . or Enter, or press ? or * to list all spells.
Aiming: Slow (safe; 12% risk of failure)
Press: ? - help, Shift-Dir - straight line, f - ogre
Aim: an ogre, wielding a +0 giant spiked club (moderately wounded, chance to affect: 35%)
The ogre easily resists.
You hit the ogre but do no damage.
The ogre is poisoned.
The ogre is moderately wounded.
The ogre hits you with a +0 giant spiked club!!
Ouch! That really hurt!
You die...

+............#... #...'.....#
#............#... #...#.....#
#............#... #####.....#
+............#...##.....#####
#............+....#.....#
#....).......#....#.....#
##'####......#....'.....+
#....#......####'#.....#
#####....#......@O....#####...
....#....#............# ....
)..<#....#............# ....
....#....#............# ...
.####....#............#
~~~.#....########+#####
~~≈.......# _.~.......#
..........#


You could see an ogre (very poisoned).

Vanquished Creatures
  An ogre (D:4)
  A kobold brigand (D:4)
  2 adders
  An orc (D:3)
  8 ball pythons
  4 bats
  5 endoplasms
  5 giant cockroaches
  9 goblins
  4 hobgoblins
  2 jackals (D:2)
  A quokka (D:2)
  A frilled lizard (D:1)
  8 kobolds
  6 rats
58 creatures vanquished.

Notes
Turn   | Place    | Note
-------+----------+-------------------------------------------
     0 | D:1      | Gottschkopf the Gargoyle Earth Elementalist began the quest
                  | for the Orb.
     0 | D:1      | Reached XP level 1. HP: 10/10 MP: 3/3
    89 | D:1      | Reached skill level 4 in Earth Magic
   139 | D:1      | Reached XP level 2. HP: 15/15 MP: 1/5
   906 | D:2      | Reached XP level 3. HP: 19/19 MP: 6/6
  1069 | D:2      | Reached skill level 5 in Earth Magic
  1116 | D:2      | Learned a level 3 spell: Stone Arrow
  1541 | D:2      | Found a faded altar of an unknown god.
  1551 | D:2      | Prayed at the altar of an unknown god.
  1551 | D:2      | Became a worshipper of Ashenzari the Shackled
  1593 | D:2      | Learned a level 1 spell: Slow
  2000 | D:3      | Reached XP level 4. HP: 24/24 MP: 7/7
  2264 | D:3      | Found Luedip's Magic Scroll Boutique.
  2291 | D:3      | Bought a scroll of noise for 12 gold pieces
  2385 | D:3      | Found an opulent altar of Gozag.
  2448 | D:3      | Found a hide-covered altar of Uskayaw.
  2459 | D:3      | Found a shimmering blue altar of Sif Muna.
  2459 | D:3      | Found a glowing silver altar of Zin.
  2491 | D:3      | Found a radiant altar of Vehumet.
  2991 | D:4      | Found a blossoming altar of Fedhas.
  3032 | D:4      | Noticed a kobold brigand
  3038 | D:4      | Killed a kobold brigand
  3039 | D:4      | Reached XP level 5. HP: 28/28 MP: 2/8
  3145 | D:4      | Found a broken altar of Ashenzari.
  3157 | D:4      | Noticed an ogre
  3158 | D:4      | Noticed an ogre
  3184 | D:4      | Killed an ogre
  3185 | D:4      | Reached skill level 1 in Fighting
  3185 | D:4      | Reached skill level 6 in Earth Magic
  3185 | D:4      | Reached XP level 6. HP: 7/34 MP: 0/9
  3202 | D:4      | Mangled by an ogre

Illustrated notes

Levels and vault maps discovered:
D:1:      dpeg_arrival_rhombus, layout_loops_ring, minmay_quantized
D:2:      layout_basic, hellmonk_ecumenical_altar_prayer_group,
          minmay_misc_feat_square, minmay_misc_feat_four_crosses,
          hangedman_decor_clover_reticule, minmay_curled_crystal
D:3:      layout_loops_ring, nicolae_overflow_quartered_altars,
          nicolae_gozag_cash_rules_everything_around_me, serial_shops,
          nicolae_shop_hallway_plus, grunt_decor_junction, serial_bayou_lagoon_a
D:4:      layout_gridville, ashenzari_altar_1, fedhas_altar_2,
          minmay_temple_entry_stoned_glass, corexii_item_surrounded_by_moat,
          minmay_joined_circles

Skill      XL: |  1  2  3  4  5 |
---------------+----------------+-----
Earth Magic    | 4 5 6 |  6.3
Stealth        | 3 |  3.3
Conjurations   | 2 3 |  3.0
Fighting       | 1 |  1.0
Dodging        | |  1.9
Spellcasting   | |  2.0

Action                     |  1- 3 |  4- 6 || total
---------------------------+-------+-------++-------
  Melee: Unarmed           |     4 |       ||     4
         Dagger            |    16 |       ||    16
         Short sword       |    17 |     3 ||    20
   Cast: Sandblast         |    47 |    15 ||    62
         Stone Arrow       |       |     3 ||     3
         Slow              |       |     2 ||     2
 Invoke: Curse Item        |       |     1 ||     1
   Stab: Sleeping          |     3 |       ||     3
 Armour: Robe              |    26 |     4 ||    30
  Dodge: Dodged            |    37 |     4 ||    41
